 Dungeon Crawl Stone Soup version 0.19-a0-151-g039907c (webtiles) character file.

912 Ihatecarrots00 the Covered (level 7, -6/61 HPs)
             Began as a Minotaur Berserker on May 19, 2016.
             Was an Elder of Trog.
             Mangled by Duvessa
             ... wielding a +0 short sword
              (12 damage)
             ... on level 5 of the Dungeon.
             The game lasted 00:26:06 (5219 turns).

Ihatecarrots00 the Covered (Minotaur Berserker)     Turns: 5219, Time: 00:26:06

Health: -6/61      AC:  0    Str: 22    XL:     7   Next: 82%
Magic:  6/6        EV: 23    Int:  4    God:    Trog [****..]
Gold:   328        SH:  0    Dex: 16    Spells: 0 memorised, 6 levels left

rFire  . . .     SeeInvis .     (weapon currently unavailable)
rCold  . . .     Gourm    .     (armour currently unavailable)
rNeg   . . .     Faith    .     (shield currently unavailable)
rPois  .         Spirit   .     (helmet currently unavailable)
rElec  .         Dismiss  .     (cloak currently unavailable)
rCorr  .         Reflect  .     (gloves currently unavailable)
SustAt .         Harm     .     (boots currently unavailable)
MR     .....                    (no amulet)
Stlth  ++........               (ring currently unavailable)
                                (ring currently unavailable)

@: exhausted, bat-form, flying, slowed, quick, not resistant to hostile
enchantments, unstealthy
A: (retaliatory headbutt), (horns 0)
a: Berserk, Trog's Hand, Brothers in Arms, Burn Spellbooks, Renounce Religion


You were on level 5 of the Dungeon.
You worshipped Trog.
Trog was greatly pleased with you.
You were not hungry.
You were in bat-form.
You visited 1 branch of the dungeon, and saw 5 of its levels.

You collected 328 gold pieces.

Inventory:

Hand Weapons
 a - a +0 hand axe
 f - a +1 mace (melded)
 u - a +0 shortbow
 w - a +2 spear of freezing
Missiles
 h - 106 sling bullets (quivered)
Armour
 b - a +0 animal skin
 j - a +0 leather armour
 l - a +0 scale mail (melded)
 o - a +0 chain mail
 p - a +0 helmet
 t - a +0 pair of boots
Jewellery
 d - a +5 ring of protection {unknown}
 g - a +3 ring of dexterity (melded)
 s - an uncursed ring of stealth {unknown}
 y - an uncursed ring of protection from magic {unknown}
Wands
 k - a wand of iceblast (0/15)
 A - a wand of flame (8/48)
Scrolls
 c - a scroll of remove curse
 i - 2 scrolls of identify
 m - 2 scrolls of noise
 q - 2 scrolls of magic mapping
Potions
 e - a potion of magic {unknown}
 n - 3 potions of curing {unknown}
 r - 2 potions of degeneration {unknown}
 v - a potion of brilliance {unknown}
 x - a potion of haste {unknown}
Comestibles
 z - 6 royal jellies


   Skills:
 + Level 5.2 Fighting
 + Level 4.6(5.3) Axes
 + Level 3.9(4.9) Maces & Flails
 + Level 6.4 Armour
 + Level 5.5 Dodging
 + Level 1.4 Stealth
 + Level 0.3 Evocations


You had 6 spell levels left.
You didn't know any spells.

Dungeon Overview and Level Annotations

Branches:
Dungeon (5/15)             Temple (0/1) D:4

Altars:

Annotations:
D:5 Duvessa


Innate Abilities, Weirdness & Mutations

((You reflexively headbutt those who attack you in melee.))
((You have a pair of horns on your head.))


Message History

You hit the ogre but do no damage.
The ogre is lightly wounded.
The ogre misses you. Duvessa hits you with a short sword.
* * * LOW HITPOINT WARNING * * *
You barely miss the ogre.
The ogre is lightly wounded.
Duvessa hits you with a short sword.
* * * LOW HITPOINT WARNING * * *
You can't do that in your present form.
You hit Duvessa but do no damage. Duvessa completely misses you.
The ogre completely misses you. Duvessa completely misses you.
You hit Duvessa but do no damage. Duvessa hits you with a short sword!
* * * LOW HITPOINT WARNING * * *
The ogre completely misses you.
You hit Duvessa but do no damage. Duvessa hits you but does no damage.
The ogre completely misses you.
You hit the ogre but do no damage.
The ogre is lightly wounded.
Duvessa hits you with a short sword!
You die...

####### #.... .......
#.... ....... ......
....... .... .......
#..## ####.......
##...###.ebO..>...
#####...(#...##.......
##...#....#.###
....... ##..#....#...#
....... ...........###
##.#..# ##..#..##..#
.. .. .......##..# #.
. ...#.<.....# .#
###†...#..##.


You could see Duvessa (berserk) and an ogre.

Vanquished Creatures
  Eustachio (D:5)
  A black bear (D:5)
  A phantom (D:4)
  The ghost of DarthKuruptios the Gusty, an amateur DrAE (D:3)
  Dowan (D:5)
  A water moccasin skeleton (D:4)
  A crimson imp (D:5)
  A jelly (D:3)
  An orc wizard (D:5)
  A hound (D:5)
  2 worker ants
  6 adders
  4 gnolls (D:4)
  A shadow imp (D:3)
  An ooze (D:1)
  An adder skeleton (D:4)
  7 worms
  A dart slug (D:3)
  10 giant geckos
  12 orcs
  5 bats
  8 giant cockroaches
  5 goblins
  4 hobgoblins
  4 jackals
  2 quokkas
  2 ball pythons
  6 giant newts
  9 kobolds
  9 rats
109 creatures vanquished.

Notes
Turn   | Place    | Note
--------------------------------------------------------------
     0 | D:1      | Ihatecarrots00 the Minotaur Berserker began the quest for the Orb.
     0 | D:1      | Reached XP level 1. HP: 19/19 MP: 0/0
   290 | D:1      | Reached XP level 2. HP: 19/27 MP: 1/1
   540 | D:1      | Reached ** piety under Trog
  1069 | D:1      | Reached XP level 3. HP: 33/33 MP: 2/2
  1666 | D:2      | Reached XP level 4. HP: 41/41 MP: 3/3
  2569 | D:3      | Reached skill level 3 in Armour
  2693 | D:3      | Reached XP level 5. HP: 29/47 MP: 4/4
  2871 | D:3      | Reached skill level 1 in Maces & Flails
  2886 | D:3      | Reached *** piety under Trog
  3330 | D:3      | Noticed DarthKuruptios's ghost (amateur DrAE)
  3343 | D:3      | Killed DarthKuruptios's ghost
  3343 | D:3      | Reached skill level 4 in Armour
  3343 | D:3      | Reached XP level 6. HP: 46/53 MP: 5/5
  3835 | D:4      | Found a staircase to the Ecumenical Temple.
  4263 | D:4      | Reached skill level 5 in Armour
  4263 | D:4      | Reached skill level 1 in Stealth
  4945 | D:5      | Entered Level 5 of the Dungeon
  4945 | D:5      | Noticed Eustachio
  4983 | D:5      | Killed Eustachio
  4983 | D:5      | Reached skill level 5 in Fighting
  4983 | D:5      | Reached XP level 7. HP: 36/61 MP: 6/6
  5077 | D:5      | Reached skill level 5 in Dodging
  5164 | D:5      | Reached skill level 6 in Armour
  5170 | D:5      | Reached **** piety under Trog
  5178 | D:5      | Identified a scroll of acquirement
  5194 | D:5      | Noticed Duvessa
  5196 | D:5      | Noticed Dowan
  5206 | D:5      | Killed Dowan
  5219 | D:5      | Mangled by Duvessa

Vault maps used:
D:1:      dpeg_arrival_houses_and_road
D:2:      grunt_decor_resistance, minmay_unequal
D:3:      first_bread
D:4:      temple_hall
D:5:      serial_corexii_hall, corexii_hall_statues_i, corexii_hall_statues_i,
          minmay_misc_feat_rows, minmay_small_thing, uniq_eustachio,
          uniq_crazy_yiuf_cottage, uniq_duvessa

Skill      XL: |  1  2  3  4  5  6  7 |
---------------+----------------------+-----
Axes           | 4 |  4.6
Fighting       | 4 5 |  5.2
Dodging        | 3 4 5 |  5.5
Armour         | 3 4 5 6 |  6.4
Maces & Flails | 2 3 |  3.9
Stealth        | 1 |  1.4
Evocations     | |  0.3

Action                   |  1- 3 |  4- 6 |  7- 9 || total
-------------------------+-------+-------+-------++-------
Melee: Hand axe          |    66 |       |       ||    66
       Headbutt          |     9 |    27 |     5 ||    41
       Mace              |     3 |   171 |    38 ||   212
       Unarmed           |       |       |    16 ||    16
Invok: Berserk           |       |     1 |     1 ||     2
Evoke: Wand              |     1 |       |       ||     1
  Use: Scroll            |     3 |     8 |     1 ||    12
  Eat: Bread ration      |     1 |     2 |       ||     3
       Fruit             |       |     4 |       ||     4
Armor: Animal skin       |    13 |       |       ||    13
       Leather armour    |     4 |       |       ||     4
       Scale mail        |     2 |    65 |    25 ||    92
Dodge: Dodged            |    69 |   120 |    46 ||   235
